[ AOE2 MATCH · #469180595 ]
UnrankedTurks vs Cumans
[ REPLAY ANALYSIS · EXTRACTED FROM THE RECORDED GAME ]
Feudal
11:31
Castle
15:15
Imperial
29:37
| APM avg | 34.1 |
| APM peak | 67 |
| eAPM avg | 20.4 |
| Villagers / military | 114 / 286 |
Focus
⚔️ 21.0% · 🌾 79.0%
Scout Cavalry ×224 · Bombard Cannon ×38 · Hand Cannoneer ×23 · Fishing Ship ×20 · Monk ×1
Feudal
9:09
Castle
29:58
Imperial
34:25
| APM avg | 45.7 |
| APM peak | 87 |
| eAPM avg | 29.9 |
| Villagers / military | 162 / 335 |
Focus
⚔️ 27.4% · 🌾 72.6%
Kipchak ×206 · Scout Cavalry ×66 · Knight ×46 · Unknown (1260) ×35 · Fishing Ship ×32 · Trade Cart ×25
Feudal
11:48
Castle
15:43
Imperial
35:33
| APM avg | 35.9 |
| APM peak | 88 |
| eAPM avg | 21.5 |
| Villagers / military | 140 / 277 |
Focus
⚔️ 31.5% · 🌾 68.5%
Spearman ×225 · Knight ×21 · Scorpion ×17 · Bombard Cannon ×14 · Trade Cart ×7
Feudal
11:56
Castle
31:19
Imperial
35:44
| APM avg | 45.8 |
| APM peak | 72 |
| eAPM avg | 29.5 |
| Villagers / military | 139 / 230 |
Focus
⚔️ 35.0% · 🌾 65.0%
Skirmisher ×159 · Spearman ×22 · Hand Cannoneer ×21 · Bombard Cannon ×16 · Fishing Ship ×13 · Archer ×11
Feudal
11:21
Castle
15:11
Imperial
29:51
| APM avg | 45.4 |
| APM peak | 95 |
| eAPM avg | 28.0 |
| Villagers / military | 111 / 268 |
Focus
⚔️ 34.2% · 🌾 65.8%
Elephant Archer ×263 · Fishing Ship ×39 · Trade Cart ×26 · Trebuchet (Packed) ×4 · Monk ×1
Feudal
12:14
Castle
16:14
Imperial
28:20
| APM avg | 47.8 |
| APM peak | 102 |
| eAPM avg | 30.6 |
| Villagers / military | 176 / 215 |
Focus
⚔️ 33.5% · 🌾 66.5%
Janissary ×173 · Unknown (1260) ×45 · Bombard Cannon ×36 · Fishing Ship ×31 · Trade Cart ×27 · Monk ×4
Feudal
11:24
Castle
17:09
Imperial
30:41
| APM avg | 44.9 |
| APM peak | 88 |
| eAPM avg | 38.0 |
| Villagers / military | 226 / 829 |
Focus
⚔️ 57.0% · 🌾 43.0%
Spearman ×478 · Battle Elephant ×255 · Monk ×76 · Trade Cart ×41 · Unknown (1260) ×20 · Militia ×11
Feudal
9:43
Castle
27:54
Imperial
35:11
| APM avg | 31.8 |
| APM peak | 116 |
| eAPM avg | 20.4 |
| Villagers / military | 147 / 256 |
Focus
⚔️ 45.0% · 🌾 55.0%
Spearman ×114 · Cavalry Archer ×87 · Skirmisher ×19 · Militia ×14 · Fishing Ship ×14 · Trebuchet (Packed) ×12
Match map
Initial resources + every placement click. Lines = walls · curves = elevation contours. ◆ gold · ⬟ stone · ● berries · ✦ relic · ◌ wall gap
Your base· ✓ Closed at 15:15 · 27t walls · no gate
aaaaaaa's base· ✓ Closed at 29:58 · 1t walls · no gate
Vatatzes's base· ✓ Closed at 15:43 · 4t walls · 1 gate(s)
KusBilge's base· ✓ Closed at 31:19 · 75t walls · 1 gate(s)
WraTH_27's base· ✓ Closed at 15:11 · 0t walls · no gate
TheosNub's base· ✓ Closed at 16:14 · 0t walls · no gate
DuhuluDubrisi's base· ✓ Closed at 17:09 · 19t walls · no gate
aunclelikegod02's base· ✓ Closed at 27:54 · 30t walls · 1 gate(s)
Smoothed initial terrain · ◌ = detected wall gap · hover for details
Inputs per minute
— Malekith - - aaaaaaa
Build order — Malekith
First 150 of 416 actions detected
| 0:01 | Create | Villager (Male) |
| 0:01 | Create | Villager (Male) |
| 0:01 | Create | Villager (Male) |
| 0:02 | Build | House |
| 0:04 | Build | House |
| 0:10 | Create | Villager (Male) |
| 0:40 | Create | Villager (Male) |
| 0:41 | Research | Loom |
| 1:19 | Build | Palisade Wall |
| 1:21 | Create | Villager (Male) |
| 1:33 | Create | Villager (Male) |
| 2:00 | Create | Villager (Male) |
| 2:19 | Build | Lumber Camp |
| 2:28 | Create | Villager (Male) |
| 3:05 | Research | Loom |
| 3:21 | Create | Villager (Male) |
| 3:53 | Create | Villager (Male) |
| 3:58 | Build | House |
| 4:13 | Create | Villager (Male) |
| 4:31 | Create | Villager (Male) |
| 4:50 | Create | Villager (Male) |
| 5:03 | Build | Palisade Wall |
| 5:09 | Create | Villager (Male) |
| 5:37 | Create | Villager (Male) |
| 5:50 | Build | House |
| 5:58 | Create | Villager (Male) |
| 6:05 | Build | Dock |
| 6:30 | Create | Villager (Male) |
| 6:50 | Create | Villager (Male) |
| 6:56 | Build | House |
| 6:58 | Create | Fishing Ship |
| 7:18 | Create | Villager (Male) |
| 7:46 | Create | Villager (Male) |
| 7:57 | Create | Fishing Ship |
| 8:18 | Create | Villager (Male) |
| 8:45 | Create | Villager (Male) |
| 8:51 | Build | Mining Camp |
| 9:17 | Research | Feudal Age |
| 9:45 | Create | Fishing Ship |
| 9:58 | Build | Mill |
| 11:15 | Create | Villager (Male) |
| 11:15 | Create | Villager (Male) |
| 11:30 | Create | Fishing Ship |
| 11:31 | Age | Feudal Age |
| 11:36 | Build | Market |
| 11:42 | Build | Blacksmith |
| 12:35 | Research | Castle Age |
| 12:44 | Build | Outpost |
| 12:50 | Build | Stone Wall |
| 12:54 | Build | Stone Wall |
| 13:14 | Create | Fishing Ship |
| 13:19 | Build | House |
| 13:30 | Research | Double-Bit Axe |
| 13:48 | Build | House |
| 13:57 | Create | Fishing Ship |
| 14:13 | Build | Fish Trap |
| 14:35 | Build | Mining Camp |
| 14:56 | Build | Fish Trap |
| 15:08 | Build | Fish Trap |
| 15:15 | Age | Castle Age |
| 15:20 | Build | Fish Trap |
| 15:21 | Create | Villager (Male) |
| 15:22 | Create | Villager (Male) |
| 15:22 | Create | Villager (Male) |
| 15:43 | Build | Town Center |
| 15:54 | Build | Lumber Camp |
| 15:58 | Create | Villager (Male) |
| 16:13 | Build | Fish Trap |
| 16:23 | Create | Villager (Male) |
| 16:28 | Create | Fishing Ship |
| 16:41 | Research | Town Watch |
| 16:49 | Create | Fishing Ship |
| 16:51 | Research | Bow Saw |
| 17:10 | Build | Fish Trap |
| 17:20 | Create | Villager (Male) |
| 17:22 | Create | Villager (Male) |
| 17:40 | Build | Dock |
| 17:47 | Create | Villager (Male) |
| 17:48 | Create | Villager (Male) |
| 17:53 | Research | Horse Collar |
| 17:55 | Create | Fishing Ship |
| 18:04 | Build | Fish Trap |
| 18:11 | Create | Villager (Male) |
| 18:17 | Build | House |
| 18:29 | Build | House |
| 18:30 | Build | House |
| 18:31 | Build | House |
| 18:32 | Build | House |
| 18:35 | Create | Villager (Male) |
| 18:40 | Create | Villager (Male) |
| 18:40 | Create | Villager (Male) |
| 18:46 | Build | Fish Trap |
| 18:59 | Create | Fishing Ship |
| 19:06 | Research | Tech 906 |
| 19:07 | Create | Villager (Male) |
| 19:18 | Create | Villager (Male) |
| 19:29 | Build | Town Center |
| 19:40 | Create | Fishing Ship |
| 19:42 | Build | Fish Trap |
| 19:47 | Create | Villager (Male) |
| 19:57 | Build | Monastery |
| 20:02 | Create | Villager (Male) |
| 20:03 | Create | Villager (Male) |
| 20:14 | Create | Villager (Male) |
| 20:18 | Create | Fishing Ship |
| 20:24 | Build | Fish Trap |
| 20:28 | Create | Fishing Ship |
| 20:33 | Research | Gillnets |
| 20:39 | Create | Villager (Male) |
| 20:49 | Create | Villager (Male) |
| 21:03 | Build | Fish Trap |
| 21:06 | Create | Fishing Ship |
| 21:24 | Build | Farm |
| 21:25 | Create | Villager (Male) |
| 21:28 | Create | Villager (Male) |
| 21:29 | Create | Villager (Male) |
| 21:32 | Create | Monk |
| 21:36 | Create | Villager (Male) |
| 21:39 | Build | Farm |
| 21:40 | Build | Farm |
| 21:41 | Build | Farm |
| 21:43 | Create | Villager (Male) |
| 21:47 | Create | Villager (Male) |
| 21:48 | Create | Villager (Male) |
| 21:50 | Build | Farm |
| 21:55 | Build | Fish Trap |
| 21:59 | Create | Fishing Ship |
| 22:01 | Build | Farm |
| 22:03 | Create | Villager (Male) |
| 22:08 | Build | Farm |
| 22:10 | Create | Villager (Male) |
| 22:12 | Create | Villager (Male) |
| 22:18 | Build | Farm |
| 22:27 | Build | Fish Trap |
| 22:29 | Create | Fishing Ship |
| 22:39 | Build | Farm |
| 22:41 | Build | Farm |
| 22:41 | Create | Villager (Male) |
| 22:44 | Create | Villager (Male) |
| 22:44 | Create | Villager (Male) |
| 22:48 | Build | Farm |
| 22:51 | Build | Farm |
| 22:52 | Create | Villager (Male) |
| 22:55 | Build | Farm |
| 22:59 | Build | Farm |
| 23:04 | Build | House |
| 23:10 | Build | Lumber Camp |
| 23:13 | Build | Fish Trap |
| 23:18 | Create | Fishing Ship |
| 23:19 | Create | Villager (Male) |
Build order — aaaaaaa
First 150 of 580 actions detected
| 0:02 | Create | Villager (Male) ×4 |
| 0:04 | Build | House |
| 0:06 | Build | House |
| 1:32 | Create | Villager (Male) |
| 1:33 | Create | Villager (Male) |
| 1:33 | Create | Villager (Male) |
| 1:59 | Build | Lumber Camp |
| 2:02 | Create | Villager (Male) |
| 2:03 | Create | Villager (Male) |
| 2:03 | Create | Villager (Male) |
| 2:20 | Create | Villager (Male) |
| 2:20 | Create | Villager (Male) |
| 2:44 | Create | Villager (Male) |
| 3:02 | Create | Villager (Male) |
| 3:33 | Create | Villager (Male) |
| 3:33 | Create | Villager (Male) |
| 3:47 | Create | Villager (Male) |
| 4:07 | Build | House |
| 4:13 | Create | Villager (Male) |
| 4:14 | Create | Villager (Male) |
| 4:14 | Create | Villager (Male) |
| 4:39 | Build | Mill |
| 4:43 | Create | Villager (Male) |
| 4:43 | Create | Villager (Male) |
| 4:56 | Create | Villager (Male) |
| 5:13 | Create | Villager (Male) |
| 5:24 | Create | Villager (Male) |
| 5:40 | Create | Villager (Male) |
| 6:59 | Research | Feudal Age |
| 6:59 | Research | Feudal Age |
| 7:39 | Build | Mining Camp |
| 7:45 | Build | House |
| 9:09 | Age | Feudal Age |
| 9:11 | Build | Blacksmith |
| 9:14 | Create | Villager (Male) |
| 9:14 | Create | Villager (Male) |
| 9:44 | Create | Villager (Male) |
| 9:47 | Build | Siege Workshop |
| 10:18 | Build | House |
| 10:21 | Create | Villager (Male) |
| 10:39 | Create | Battering Ram |
| 10:39 | Create | Battering Ram |
| 10:39 | Create | Battering Ram |
| 10:56 | Create | Villager (Male) |
| 11:02 | Create | Villager (Male) |
| 11:23 | Build | House |
| 11:30 | Create | Battering Ram |
| 11:31 | Create | Battering Ram |
| 11:31 | Create | Villager (Male) |
| 11:32 | Create | Villager (Male) |
| 11:32 | Create | Villager (Male) |
| 11:32 | Create | Villager (Male) |
| 11:54 | Build | House |
| 11:58 | Build | House |
| 12:26 | Create | Battering Ram |
| 12:27 | Create | Battering Ram |
| 12:27 | Create | Battering Ram |
| 12:30 | Create | Villager (Male) |
| 12:57 | Create | Villager (Male) |
| 13:05 | Create | Battering Ram |
| 13:31 | Build | House |
| 13:39 | Create | Villager (Male) |
| 13:39 | Create | Villager (Male) |
| 13:58 | Build | Dock |
| 14:05 | Create | Villager (Male) |
| 14:34 | Create | Battering Ram |
| 14:34 | Create | Battering Ram |
| 14:44 | Create | Villager (Male) |
| 14:45 | Create | Villager (Male) |
| 15:01 | Build | House |
| 15:02 | Create | Villager (Male) |
| 15:13 | Build | Lumber Camp |
| 15:23 | Create | Villager (Male) |
| 15:52 | Create | Fishing Ship |
| 15:52 | Create | Fishing Ship |
| 15:59 | Build | House |
| 16:00 | Build | House |
| 16:14 | Create | Villager (Male) |
| 16:33 | Create | Fishing Ship |
| 16:36 | Build | Dock |
| 16:38 | Create | Fishing Ship |
| 16:38 | Create | Fishing Ship |
| 17:07 | Build | Palisade Wall |
| 17:24 | Create | Villager (Male) |
| 17:25 | Create | Villager (Male) |
| 17:40 | Build | Town Center |
| 17:47 | Create | Fishing Ship |
| 17:48 | Create | Fishing Ship |
| 17:48 | Create | Fishing Ship |
| 17:50 | Build | House |
| 17:53 | Build | House |
| 17:55 | Create | Villager (Male) |
| 17:55 | Create | Villager (Male) |
| 18:32 | Create | Villager (Male) |
| 18:32 | Create | Villager (Male) |
| 18:35 | Create | Fishing Ship |
| 18:35 | Create | Fishing Ship |
| 19:06 | Create | Villager (Male) |
| 19:06 | Create | Villager (Male) |
| 19:09 | Create | Fishing Ship |
| 19:09 | Create | Fishing Ship |
| 19:09 | Create | Fishing Ship |
| 19:38 | Create | Fishing Ship |
| 19:38 | Create | Fishing Ship |
| 19:41 | Build | Fish Trap |
| 19:49 | Build | Fish Trap |
| 19:52 | Build | Fish Trap |
| 19:55 | Build | Fish Trap |
| 20:11 | Create | Villager (Male) |
| 20:11 | Create | Villager (Male) |
| 20:11 | Create | Villager (Male) |
| 20:13 | Create | Villager (Male) |
| 20:21 | Build | Fish Trap |
| 20:24 | Create | Fishing Ship |
| 20:24 | Create | Fishing Ship |
| 20:24 | Create | Fishing Ship |
| 20:34 | Build | Fish Trap |
| 20:41 | Build | Fish Trap |
| 20:54 | Create | Villager (Male) |
| 20:56 | Build | House |
| 21:01 | Build | Fish Trap |
| 21:04 | Build | Fish Trap |
| 21:06 | Create | Fishing Ship |
| 21:09 | Create | Villager (Male) |
| 21:16 | Build | Fish Trap |
| 21:21 | Build | Fish Trap |
| 21:26 | Create | Villager (Male) |
| 21:27 | Build | House |
| 21:48 | Create | Villager (Male) |
| 21:51 | Create | Villager (Male) |
| 21:56 | Create | Villager (Male) |
| 22:01 | Build | House |
| 22:02 | Build | House |
| 22:03 | Create | Fishing Ship |
| 22:03 | Create | Fishing Ship |
| 22:04 | Create | Fishing Ship |
| 22:07 | Build | Fish Trap |
| 22:11 | Build | Fish Trap |
| 22:22 | Create | Villager (Male) |
| 22:24 | Create | Villager (Male) |
| 22:24 | Create | Villager (Male) |
| 22:26 | Build | Fish Trap |
| 22:33 | Build | Fish Trap |
| 22:46 | Create | Villager (Male) |
| 22:53 | Build | Fish Trap |
| 23:02 | Create | Fishing Ship |
| 23:02 | Create | Fishing Ship |
| 23:08 | Create | Villager (Male) |
| 23:16 | Build | Dock |
| 23:17 | Create | Villager (Male) |
Build order — Vatatzes
First 150 of 440 actions detected
| 0:02 | Create | Villager (Male) ×4 |
| 0:02 | Create | Villager (Male) ×4 |
| 0:05 | Build | House |
| 0:06 | Build | House |
| 1:13 | Create | Villager (Male) |
| 1:13 | Create | Villager (Male) |
| 1:48 | Create | Villager (Male) |
| 1:48 | Create | Villager (Male) |
| 2:12 | Build | Lumber Camp |
| 2:23 | Create | Villager (Male) |
| 2:23 | Create | Villager (Male) |
| 2:44 | Create | Villager (Male) |
| 2:44 | Create | Villager (Male) |
| 3:01 | Create | Villager (Male) |
| 3:01 | Create | Villager (Male) |
| 3:15 | Build | House |
| 3:19 | Create | Villager (Male) |
| 3:53 | Create | Villager (Male) |
| 3:53 | Create | Villager (Male) |
| 3:54 | Create | Villager (Male) |
| 4:10 | Create | Villager (Male) |
| 5:02 | Create | Villager (Male) |
| 5:02 | Create | Villager (Male) |
| 5:02 | Create | Villager (Male) |
| 5:03 | Create | Villager (Male) |
| 5:10 | Build | House |
| 5:49 | Create | Villager (Male) |
| 5:57 | Build | Mill |
| 6:35 | Build | House |
| 7:13 | Build | Mill |
| 7:15 | Create | Villager (Male) |
| 7:49 | Create | Villager (Male) |
| 7:49 | Create | Villager (Male) |
| 8:48 | Create | Villager (Male) |
| 8:49 | Create | Villager (Male) |
| 9:16 | Build | Barracks |
| 9:21 | Create | Villager (Male) |
| 9:24 | Research | Feudal Age |
| 9:41 | Build | Mining Camp |
| 9:49 | Create | Villager (Male) |
| 9:49 | Create | Villager (Male) |
| 9:52 | Build | House |
| 11:48 | Age | Feudal Age |
| 11:53 | Build | Stable |
| 11:56 | Build | Blacksmith |
| 12:26 | Create | Villager (Male) |
| 12:43 | Research | Castle Age |
| 12:45 | Research | Double-Bit Axe |
| 13:28 | Research | Horse Collar |
| 13:57 | Create | Villager (Male) |
| 13:57 | Create | Villager (Male) |
| 14:04 | Build | House |
| 14:06 | Build | House |
| 14:16 | Research | Scale Barding Armor |
| 14:19 | Build | Farm |
| 14:21 | Build | Farm |
| 14:25 | Build | Farm |
| 14:30 | Build | Farm |
| 14:36 | Build | Farm |
| 14:58 | Build | Palisade Gate |
| 14:59 | Build | House |
| 15:01 | Build | Palisade Wall |
| 15:14 | Build | Farm |
| 15:31 | Build | Market |
| 15:35 | Create | Villager (Male) |
| 15:43 | Age | Castle Age |
| 15:46 | Create | Knight |
| 16:00 | Create | Villager (Male) |
| 16:11 | Create | Knight |
| 16:21 | Create | Villager (Male) |
| 16:23 | Research | Forging |
| 16:33 | Create | Knight |
| 16:51 | Build | Farm |
| 16:56 | Build | Farm |
| 16:57 | Build | Farm |
| 17:04 | Create | Knight |
| 17:08 | Build | Farm |
| 17:10 | Build | Farm |
| 17:28 | Create | Knight |
| 17:45 | Create | Villager (Male) |
| 18:03 | Create | Knight |
| 18:28 | Create | Villager (Male) |
| 18:28 | Create | Villager (Male) |
| 18:28 | Create | Villager (Male) |
| 18:38 | Build | Farm |
| 18:41 | Build | Farm |
| 18:50 | Create | Knight |
| 19:10 | Create | Villager (Male) |
| 19:23 | Create | Knight |
| 19:26 | Build | Stable |
| 19:37 | Create | Knight |
| 19:38 | Create | Villager (Male) |
| 20:03 | Create | Knight |
| 20:19 | Create | Knight |
| 20:19 | Create | Villager (Male) |
| 20:19 | Create | Villager (Male) |
| 20:28 | Create | Knight |
| 20:29 | Create | Knight |
| 21:00 | Create | Knight |
| 21:00 | Create | Villager (Male) |
| 21:31 | Create | Villager (Male) |
| 21:32 | Create | Knight |
| 21:32 | Create | Knight |
| 22:02 | Research | Chain Barding Armor |
| 22:14 | Create | Villager (Male) |
| 22:20 | Build | House |
| 22:21 | Build | House |
| 22:26 | Create | Knight |
| 22:42 | Create | Villager (Male) |
| 22:52 | Create | Knight |
| 22:56 | Build | Farm |
| 22:56 | Build | Farm |
| 23:05 | Create | Knight |
| 23:20 | Create | Villager (Male) |
| 23:21 | Create | Villager (Male) |
| 23:35 | Create | Knight |
| 23:35 | Create | Knight |
| 23:52 | Create | Villager (Male) |
| 23:58 | Build | Farm |
| 24:00 | Build | Farm |
| 24:01 | Build | Farm |
| 24:02 | Build | Farm |
| 24:03 | Build | Farm |
| 24:12 | Create | Villager (Male) |
| 24:19 | Build | Town Center |
| 24:25 | Create | Villager (Male) |
| 24:55 | Build | Mining Camp |
| 25:00 | Build | House |
| 25:01 | Build | House |
| 25:03 | Research | Town Watch |
| 25:04 | Research | Wheelbarrow |
| 25:30 | Create | Villager (Male) |
| 25:33 | Research | Iron Casting |
| 25:34 | Research | Iron Casting |
| 25:50 | Create | Villager (Male) |
| 26:00 | Build | Farm |
| 26:02 | Build | Mining Camp |
| 26:04 | Build | Farm |
| 26:06 | Build | Farm |
| 26:07 | Build | Farm |
| 26:18 | Create | Villager (Male) |
| 26:18 | Create | Villager (Male) |
| 26:24 | Research | Gold Mining |
| 26:27 | Research | Stone Mining |
| 26:27 | Research | Stone Mining |
| 26:33 | Research | Bow Saw |
| 26:33 | Research | Bow Saw |
| 26:34 | Research | Heavy Plow |
| 26:34 | Research | Heavy Plow |
| 26:54 | Build | Town Center |
Build order — KusBilge
First 150 of 392 actions detected
| 0:01 | Create | Villager (Male) |
| 0:02 | Create | Villager (Male) |
| 0:03 | Build | House |
| 0:05 | Build | House |
| 0:17 | Create | Villager (Male) |
| 0:18 | Create | Villager (Male) |
| 0:18 | Create | Villager (Male) |
| 0:25 | Research | Loom |
| 0:39 | Create | Villager (Male) |
| 0:40 | Create | Villager (Male) |
| 0:40 | Create | Villager (Male) |
| 1:09 | Build | Palisade Wall |
| 1:17 | Build | Palisade Wall |
| 1:41 | Create | Villager (Male) |
| 1:56 | Build | Palisade Wall |
| 2:19 | Create | Villager (Male) |
| 2:50 | Create | Villager (Male) |
| 2:51 | Create | Villager (Male) |
| 3:20 | Build | Lumber Camp |
| 3:24 | Create | Villager (Male) |
| 3:38 | Build | Palisade Wall |
| 3:46 | Create | Villager (Male) |
| 4:25 | Create | Villager (Male) |
| 4:54 | Create | Villager (Male) |
| 5:14 | Build | House |
| 5:17 | Create | Villager (Male) |
| 5:17 | Create | Villager (Male) |
| 5:58 | Create | Villager (Male) |
| 6:14 | Create | Villager (Male) |
| 6:20 | Build | House |
| 6:31 | Create | Villager (Male) |
| 6:32 | Create | Villager (Male) |
| 6:47 | Create | Villager (Male) |
| 6:53 | Build | House |
| 7:00 | Build | House |
| 7:15 | Create | Villager (Male) |
| 7:15 | Create | Villager (Male) |
| 7:19 | Create | Villager (Male) |
| 8:11 | Build | Barracks |
| 8:15 | Create | Villager (Male) |
| 9:32 | Build | Dock |
| 9:46 | Research | Feudal Age |
| 10:07 | Create | Villager (Male) |
| 10:18 | Build | Palisade Wall |
| 10:21 | Build | Palisade Wall |
| 10:26 | Create | Villager (Male) |
| 10:35 | Build | Mill |
| 11:02 | Create | Fishing Ship |
| 11:02 | Create | Fishing Ship |
| 11:09 | Create | Villager (Male) |
| 11:46 | Create | Villager (Male) |
| 11:50 | Build | Mining Camp |
| 11:55 | Build | Palisade Wall |
| 11:56 | Age | Feudal Age |
| 11:59 | Build | Archery Range |
| 12:03 | Create | Villager (Male) |
| 12:17 | Build | Watch Tower |
| 12:19 | Create | Spearman |
| 12:39 | Create | Villager (Male) |
| 12:51 | Build | House |
| 12:53 | Build | House |
| 13:00 | Create | Skirmisher |
| 13:01 | Create | Archer |
| 13:17 | Build | Palisade Wall |
| 13:17 | Build | Palisade Wall |
| 13:20 | Build | Palisade Wall |
| 13:50 | Create | Villager (Male) |
| 14:06 | Create | Fishing Ship |
| 14:07 | Create | Fishing Ship |
| 14:17 | Create | Spearman |
| 14:20 | Create | Villager (Male) |
| 14:24 | Create | Skirmisher |
| 14:43 | Create | Fishing Ship |
| 14:43 | Create | Fishing Ship |
| 14:49 | Build | House |
| 14:56 | Create | Spearman |
| 15:01 | Build | House |
| 15:06 | Create | Villager (Male) |
| 15:14 | Create | Archer |
| 15:15 | Create | Militia |
| 15:18 | Create | Spearman |
| 15:24 | Build | House |
| 15:35 | Create | Spearman |
| 15:45 | Create | Archer |
| 15:47 | Create | Spearman |
| 15:49 | Build | House |
| 16:04 | Create | Archer |
| 16:07 | Build | Blacksmith |
| 16:20 | Build | House |
| 16:23 | Build | House |
| 16:24 | Build | House |
| 16:29 | Create | Archer |
| 16:38 | Create | Villager (Male) |
| 16:52 | Create | Villager (Male) |
| 16:55 | Create | Spearman |
| 16:57 | Create | Archer |
| 16:57 | Create | Archer |
| 16:57 | Create | Archer |
| 17:30 | Create | Spearman |
| 17:32 | Create | Villager (Male) |
| 17:35 | Build | Farm |
| 17:35 | Build | Farm |
| 17:35 | Build | Farm |
| 17:36 | Build | Farm |
| 17:36 | Build | Farm |
| 17:36 | Build | Farm |
| 17:36 | Build | Farm |
| 18:06 | Create | Archer |
| 18:39 | Create | Spearman |
| 18:40 | Create | Villager (Male) |
| 19:06 | Create | Spearman |
| 19:06 | Create | Spearman |
| 19:08 | Create | Villager (Male) |
| 19:09 | Create | Archer |
| 19:09 | Create | Archer |
| 19:15 | Build | Farm |
| 19:17 | Build | Fish Trap |
| 19:19 | Build | Fish Trap |
| 19:40 | Create | Villager (Male) |
| 19:46 | Build | Fish Trap |
| 20:01 | Build | Palisade Gate |
| 20:24 | Create | Spearman |
| 20:24 | Create | Spearman |
| 20:38 | Build | Palisade Gate |
| 20:42 | Create | Villager (Male) |
| 20:43 | Create | Spearman |
| 20:44 | Create | Spearman |
| 21:03 | Create | Villager (Male) |
| 21:12 | Build | Mining Camp |
| 21:42 | Create | Villager (Male) |
| 21:43 | Create | Spearman |
| 21:43 | Create | Spearman |
| 21:43 | Create | Spearman |
| 21:44 | Create | Spearman |
| 21:44 | Create | Spearman |
| 21:48 | Create | Villager (Male) |
| 21:59 | Research | Double-Bit Axe |
| 21:59 | Research | Double-Bit Axe |
| 22:12 | Create | Villager (Male) |
| 22:14 | Research | Fletching |
| 22:23 | Build | House |
| 22:39 | Create | Villager (Male) |
| 23:02 | Create | Villager (Male) |
| 23:03 | Create | Spearman |
| 23:04 | Create | Spearman |
| 23:07 | Research | Forging |
| 23:09 | Build | Farm |
| 23:10 | Create | Villager (Male) |
| 23:50 | Create | Villager (Male) |
| 23:54 | Build | Stone Wall |
Build order — WraTH_27
First 150 of 664 actions detected
| 0:01 | Create | Villager (Male) |
| 0:01 | Create | Villager (Male) |
| 0:02 | Build | House |
| 0:03 | Build | House |
| 0:24 | Create | Villager (Male) |
| 0:25 | Create | Villager (Male) |
| 1:37 | Create | Villager (Male) |
| 1:37 | Create | Villager (Male) |
| 1:44 | Build | Lumber Camp |
| 2:01 | Create | Villager (Male) |
| 2:24 | Create | Villager (Male) |
| 2:56 | Create | Villager (Male) |
| 3:11 | Create | Villager (Male) |
| 3:11 | Create | Villager (Male) |
| 3:38 | Create | Villager (Male) |
| 3:39 | Create | Villager (Male) |
| 3:58 | Create | Villager (Male) |
| 3:58 | Create | Villager (Male) |
| 4:10 | Create | Villager (Male) |
| 4:10 | Create | Villager (Male) |
| 4:16 | Build | House |
| 4:57 | Create | Villager (Male) |
| 4:58 | Create | Villager (Male) |
| 5:21 | Build | Dock |
| 5:35 | Build | House |
| 5:51 | Create | Villager (Male) |
| 5:51 | Create | Villager (Male) |
| 5:52 | Create | Villager (Male) |
| 6:07 | Create | Fishing Ship |
| 6:15 | Create | Villager (Male) |
| 6:38 | Build | House |
| 6:45 | Create | Villager (Male) |
| 6:49 | Create | Fishing Ship |
| 6:52 | Build | House |
| 7:29 | Create | Villager (Male) |
| 7:35 | Build | House |
| 7:36 | Create | Fishing Ship |
| 7:36 | Create | Fishing Ship |
| 8:08 | Create | Villager (Male) |
| 8:21 | Create | Villager (Male) |
| 8:40 | Build | Mill |
| 9:02 | Research | Feudal Age |
| 9:02 | Research | Feudal Age |
| 9:04 | Build | Mining Camp |
| 9:52 | Build | Dock |
| 9:58 | Create | Villager (Male) |
| 9:58 | Create | Villager (Male) |
| 11:21 | Age | Feudal Age |
| 11:25 | Build | Market |
| 11:31 | Build | Blacksmith |
| 11:40 | Create | Fishing Ship |
| 11:43 | Build | House |
| 12:08 | Create | Fishing Ship |
| 12:31 | Research | Castle Age |
| 12:31 | Research | Castle Age |
| 13:00 | Research | Double-Bit Axe |
| 13:01 | Research | Double-Bit Axe |
| 13:05 | Build | Lumber Camp |
| 13:36 | Create | Fishing Ship |
| 13:38 | Create | Fishing Ship |
| 14:05 | Build | Fish Trap |
| 14:42 | Build | House |
| 14:45 | Build | Fish Trap |
| 14:48 | Build | Fish Trap |
| 14:57 | Build | Dock |
| 15:00 | Create | Villager (Male) |
| 15:02 | Create | Fishing Ship |
| 15:05 | Build | Fish Trap |
| 15:11 | Age | Castle Age |
| 15:15 | Build | Town Center |
| 15:27 | Build | House |
| 15:29 | Research | Bow Saw |
| 15:29 | Research | Bow Saw |
| 15:32 | Create | Villager (Male) |
| 15:45 | Create | Fishing Ship |
| 15:58 | Build | House |
| 16:10 | Build | Fish Trap |
| 16:12 | Create | Villager (Male) |
| 16:16 | Research | Loom |
| 16:17 | Create | Villager (Male) |
| 16:22 | Build | Fish Trap |
| 16:25 | Create | Fishing Ship |
| 16:37 | Create | Villager (Male) |
| 16:38 | Create | Fishing Ship |
| 16:41 | Create | Fishing Ship |
| 16:51 | Create | Fishing Ship |
| 16:54 | Build | Fish Trap |
| 16:57 | Create | Villager (Male) |
| 16:57 | Create | Villager (Male) |
| 17:12 | Build | Fish Trap |
| 17:13 | Create | Fishing Ship |
| 17:16 | Create | Fishing Ship |
| 17:20 | Create | Villager (Male) |
| 17:21 | Create | Villager (Male) |
| 17:24 | Build | Fish Trap |
| 17:29 | Create | Fishing Ship |
| 17:36 | Build | Fish Trap |
| 17:42 | Build | Dock |
| 17:46 | Create | Villager (Male) |
| 17:58 | Build | Town Center |
| 18:00 | Create | Villager (Male) |
| 18:05 | Build | Fish Trap |
| 18:11 | Build | Fish Trap |
| 18:19 | Build | Fish Trap |
| 18:27 | Create | Villager (Male) |
| 18:28 | Create | Villager (Male) |
| 18:28 | Create | Villager (Male) |
| 18:33 | Build | House |
| 18:35 | Build | Fish Trap |
| 18:42 | Build | House |
| 18:46 | Create | Fishing Ship |
| 18:49 | Create | Fishing Ship |
| 18:56 | Create | Villager (Male) |
| 19:06 | Create | Villager (Male) |
| 19:12 | Build | House |
| 19:15 | Create | Fishing Ship |
| 19:17 | Create | Villager (Male) |
| 19:29 | Build | House |
| 19:31 | Create | Fishing Ship |
| 19:32 | Create | Fishing Ship |
| 19:34 | Build | Fish Trap |
| 19:38 | Build | Dock |
| 19:45 | Build | Dock |
| 19:51 | Build | Fish Trap |
| 19:52 | Create | Fishing Ship |
| 19:54 | Create | Villager (Male) |
| 19:55 | Create | Villager (Male) |
| 19:55 | Create | Villager (Male) |
| 19:57 | Create | Villager (Male) |
| 20:10 | Build | House |
| 20:13 | Create | Villager (Male) |
| 20:16 | Create | Fishing Ship |
| 20:18 | Build | Fish Trap |
| 20:19 | Create | Fishing Ship |
| 20:24 | Research | Tech 906 |
| 20:31 | Build | Fish Trap |
| 20:32 | Build | Fish Trap |
| 20:35 | Create | Villager (Male) |
| 20:39 | Build | House |
| 20:43 | Build | Monastery |
| 20:43 | Create | Villager (Male) |
| 20:44 | Create | Villager (Male) |
| 20:51 | Build | House |
| 20:54 | Create | Villager (Male) |
| 20:55 | Create | Villager (Male) |
| 20:56 | Create | Fishing Ship |
| 20:58 | Build | Fish Trap |
| 21:10 | Build | Fish Trap |
| 21:14 | Create | Fishing Ship |
| 21:15 | Create | Villager (Male) |
Build order — TheosNub
First 150 of 580 actions detected
| 0:00 | Create | Villager (Male) |
| 0:00 | Create | Villager (Male) |
| 0:01 | Create | Villager (Male) |
| 0:02 | Build | House |
| 0:03 | Build | House |
| 0:14 | Create | Villager (Male) |
| 1:12 | Create | Villager (Male) |
| 1:41 | Create | Villager (Male) |
| 1:49 | Build | Lumber Camp |
| 2:04 | Create | Villager (Male) |
| 2:39 | Create | Villager (Male) |
| 3:08 | Create | Villager (Male) |
| 3:31 | Build | House |
| 3:47 | Create | Villager (Male) |
| 4:14 | Create | Villager (Male) |
| 4:33 | Create | Villager (Male) |
| 4:37 | Build | Dock |
| 4:49 | Build | Dock |
| 4:52 | Create | Villager (Male) |
| 5:04 | Build | House |
| 5:12 | Create | Villager (Male) |
| 5:27 | Create | Fishing Ship |
| 5:34 | Create | Villager (Male) |
| 5:41 | Create | Fishing Ship |
| 5:59 | Build | House |
| 6:02 | Create | Villager (Male) |
| 6:25 | Create | Villager (Male) |
| 6:27 | Create | Fishing Ship |
| 7:09 | Create | Villager (Male) |
| 7:11 | Create | Fishing Ship |
| 7:29 | Create | Villager (Male) |
| 7:55 | Create | Villager (Male) |
| 7:55 | Create | Villager (Male) |
| 8:10 | Create | Villager (Male) |
| 8:12 | Create | Fishing Ship |
| 8:13 | Build | House |
| 8:16 | Build | Mill |
| 8:28 | Build | Mining Camp |
| 9:02 | Create | Villager (Male) |
| 9:24 | Create | Villager (Male) |
| 9:59 | Research | Feudal Age |
| 10:12 | Build | House |
| 10:44 | Build | Dock |
| 11:02 | Build | Dock |
| 11:11 | Build | House |
| 11:12 | Create | Villager (Male) |
| 11:12 | Create | Villager (Male) |
| 11:24 | Build | Lumber Camp |
| 12:14 | Age | Feudal Age |
| 12:18 | Build | Blacksmith |
| 12:25 | Build | Market |
| 12:33 | Create | Villager (Male) |
| 13:07 | Build | Fish Trap |
| 13:20 | Build | Fish Trap |
| 13:27 | Build | House |
| 13:34 | Research | Castle Age |
| 13:38 | Create | Fishing Ship |
| 13:38 | Create | Fishing Ship |
| 13:42 | Research | Tech 906 |
| 13:45 | Build | Fish Trap |
| 13:56 | Research | Double-Bit Axe |
| 14:00 | Create | Fishing Ship |
| 14:29 | Build | Fish Trap |
| 14:38 | Build | Fish Trap |
| 14:40 | Build | Fish Trap |
| 14:45 | Create | Villager (Male) |
| 14:52 | Build | Fish Trap |
| 14:53 | Create | Villager (Male) |
| 15:06 | Create | Fishing Ship |
| 15:29 | Create | Fishing Ship |
| 15:51 | Build | Fish Trap |
| 16:14 | Age | Castle Age |
| 16:16 | Build | Town Center |
| 16:24 | Build | Town Center |
| 16:37 | Build | Fish Trap |
| 16:41 | Create | Villager (Male) |
| 16:47 | Research | Bow Saw |
| 16:50 | Create | Fishing Ship |
| 17:08 | Create | Villager (Male) |
| 17:10 | Build | Mill |
| 17:13 | Create | Villager (Male) |
| 17:13 | Create | Fishing Ship |
| 17:32 | Create | Villager (Male) |
| 17:32 | Create | Villager (Male) |
| 17:34 | Create | Villager (Male) |
| 17:37 | Create | Villager (Male) |
| 17:39 | Build | Fish Trap |
| 17:43 | Create | Fishing Ship |
| 17:46 | Create | Villager (Male) |
| 17:54 | Create | Villager (Male) |
| 17:54 | Create | Villager (Male) |
| 17:56 | Build | House |
| 17:57 | Build | Fish Trap |
| 18:07 | Create | Fishing Ship |
| 18:11 | Create | Fishing Ship |
| 18:14 | Create | Villager (Male) |
| 18:14 | Create | Villager (Male) |
| 18:15 | Create | Villager (Male) |
| 18:29 | Build | Fish Trap |
| 18:33 | Create | Villager (Male) |
| 18:38 | Create | Villager (Male) |
| 18:41 | Build | Monastery |
| 18:43 | Create | Villager (Male) |
| 18:46 | Build | House |
| 18:47 | Build | House |
| 18:47 | Build | House |
| 18:54 | Create | Fishing Ship |
| 18:58 | Build | Fish Trap |
| 18:58 | Create | Fishing Ship |
| 18:59 | Create | Villager (Male) |
| 19:04 | Create | Villager (Male) |
| 19:18 | Create | Villager (Male) |
| 19:22 | Research | Wheelbarrow |
| 19:23 | Create | Fishing Ship |
| 19:28 | Build | Fish Trap |
| 19:36 | Build | Dock |
| 19:39 | Create | Fishing Ship |
| 19:43 | Build | Fish Trap |
| 19:45 | Create | Villager (Male) |
| 19:46 | Create | Villager (Male) |
| 19:56 | Create | Monk |
| 19:57 | Create | Villager (Male) |
| 19:59 | Create | Fishing Ship |
| 20:04 | Build | Lumber Camp |
| 20:05 | Create | Villager (Male) |
| 20:09 | Create | Monk |
| 20:10 | Create | Villager (Male) |
| 20:15 | Build | Fish Trap |
| 20:20 | Create | Fishing Ship |
| 20:26 | Build | Fish Trap |
| 20:34 | Create | Fishing Ship |
| 20:36 | Create | Villager (Male) |
| 20:37 | Create | Villager (Male) |
| 20:38 | Research | Horse Collar |
| 20:46 | Build | House |
| 20:48 | Build | Fish Trap |
| 20:52 | Build | House |
| 20:53 | Build | House |
| 20:54 | Create | Villager (Male) |
| 20:56 | Build | House |
| 20:57 | Build | House |
| 20:57 | Build | House |
| 21:03 | Build | Fish Trap |
| 21:08 | Research | Gillnets |
| 21:09 | Create | Villager (Male) |
| 21:11 | Research | Loom |
| 21:16 | Research | Town Watch |
| 21:17 | Create | Fishing Ship |
| 21:20 | Create | Villager (Male) |
| 21:23 | Build | Farm |
Build order — DuhuluDubrisi
First 150 of 1116 actions detected
| 0:02 | Create | Villager (Male) |
| 0:02 | Create | Villager (Male) |
| 0:02 | Create | Villager (Male) |
| 0:03 | Build | House |
| 0:05 | Build | House |
| 0:15 | Create | Villager (Male) |
| 0:15 | Create | Villager (Male) |
| 0:16 | Create | Villager (Male) |
| 0:16 | Research | Loom |
| 0:46 | Build | Palisade Wall |
| 0:48 | Build | Palisade Wall |
| 0:59 | Create | Villager (Male) |
| 0:59 | Create | Villager (Male) |
| 0:59 | Create | Villager (Male) |
| 0:59 | Create | Villager (Male) |
| 0:59 | Create | Villager (Male) |
| 1:00 | Create | Villager (Male) |
| 1:25 | Build | Palisade Wall |
| 1:47 | Build | Lumber Camp |
| 1:54 | Build | Lumber Camp |
| 1:58 | Build | Palisade Wall |
| 2:01 | Create | Villager (Male) |
| 2:01 | Create | Villager (Male) |
| 2:01 | Create | Villager (Male) |
| 2:30 | Create | Villager (Male) |
| 2:30 | Create | Villager (Male) |
| 2:30 | Create | Villager (Male) |
| 2:30 | Create | Villager (Male) |
| 3:02 | Create | Villager (Male) |
| 3:02 | Create | Villager (Male) |
| 3:02 | Create | Villager (Male) |
| 3:45 | Create | Villager (Male) |
| 3:45 | Create | Villager (Male) |
| 3:45 | Create | Villager (Male) |
| 4:11 | Create | Villager (Male) |
| 4:12 | Create | Villager (Male) |
| 4:12 | Create | Villager (Male) |
| 4:20 | Build | House |
| 4:25 | Create | Villager (Male) |
| 4:25 | Create | Villager (Male) |
| 4:29 | Create | Villager (Male) |
| 4:29 | Create | Villager (Male) |
| 5:02 | Create | Villager (Male) |
| 5:02 | Create | Villager (Male) |
| 5:02 | Create | Villager (Male) |
| 5:07 | Create | Villager (Male) |
| 5:07 | Create | Villager (Male) |
| 5:07 | Create | Villager (Male) |
| 6:06 | Create | Villager (Male) |
| 6:12 | Build | Mill |
| 6:15 | Create | Villager (Male) |
| 6:44 | Build | House |
| 7:04 | Create | Villager (Male) |
| 7:18 | Build | House |
| 7:20 | Create | Villager (Male) |
| 7:53 | Create | Villager (Male) |
| 8:11 | Build | Mining Camp |
| 8:14 | Create | Villager (Male) |
| 8:49 | Create | Villager (Male) |
| 9:06 | Build | Mining Camp |
| 9:12 | Research | Feudal Age |
| 9:12 | Research | Feudal Age |
| 9:51 | Build | Mill |
| 10:46 | Create | Villager (Male) |
| 10:46 | Create | Villager (Male) |
| 11:24 | Age | Feudal Age |
| 11:37 | Build | Market |
| 11:56 | Create | Villager (Male) |
| 12:20 | Build | Blacksmith |
| 12:37 | Create | Villager (Male) |
| 12:55 | Build | Farm |
| 13:28 | Create | Villager (Male) |
| 13:30 | Build | Farm |
| 13:32 | Build | Farm |
| 13:48 | Build | Farm |
| 13:59 | Create | Villager (Male) |
| 14:01 | Build | Farm |
| 14:04 | Research | Horse Collar |
| 14:29 | Research | Castle Age |
| 14:58 | Build | House |
| 14:59 | Build | House |
| 15:34 | Research | Horse Collar |
| 16:41 | Build | Stone Wall |
| 16:49 | Create | Villager (Male) |
| 16:50 | Create | Villager (Male) |
| 17:09 | Age | Castle Age |
| 17:13 | Build | Town Center |
| 17:18 | Build | Town Center |
| 17:21 | Create | Villager (Male) |
| 17:54 | Build | Town Center |
| 18:03 | Create | Villager (Male) |
| 18:03 | Create | Villager (Male) |
| 18:03 | Create | Villager (Male) |
| 18:20 | Create | Villager (Male) |
| 18:21 | Create | Villager (Male) |
| 18:35 | Create | Villager (Male) |
| 18:36 | Create | Villager (Male) |
| 18:36 | Create | Villager (Male) |
| 18:40 | Research | Wheelbarrow |
| 18:42 | Create | Villager (Male) |
| 18:46 | Create | Villager (Male) |
| 18:46 | Create | Villager (Male) |
| 18:50 | Build | Farm |
| 18:51 | Create | Villager (Male) |
| 18:52 | Create | Villager (Male) |
| 19:00 | Build | Stone Wall |
| 19:04 | Create | Villager (Male) |
| 19:09 | Create | Villager (Male) |
| 19:09 | Create | Villager (Male) |
| 19:10 | Create | Villager (Male) |
| 19:11 | Build | Farm |
| 19:16 | Create | Villager (Male) |
| 19:17 | Create | Villager (Male) |
| 19:17 | Create | Villager (Male) |
| 19:17 | Create | Villager (Male) |
| 19:17 | Create | Villager (Male) |
| 19:17 | Create | Villager (Male) |
| 19:18 | Create | Villager (Male) |
| 19:18 | Create | Villager (Male) |
| 19:21 | Build | Farm |
| 19:25 | Create | Villager (Male) |
| 19:25 | Create | Villager (Male) |
| 19:44 | Create | Villager (Male) |
| 19:57 | Research | Heavy Plow |
| 19:58 | Create | Villager (Male) |
| 19:58 | Create | Villager (Male) |
| 19:59 | Create | Villager (Male) |
| 20:09 | Create | Villager (Male) |
| 20:10 | Create | Villager (Male) |
| 20:10 | Create | Villager (Male) |
| 20:15 | Build | Farm |
| 20:17 | Build | Farm |
| 20:20 | Build | Farm |
| 20:27 | Build | Farm |
| 20:28 | Create | Villager (Male) |
| 20:29 | Create | Villager (Male) |
| 20:29 | Create | Villager (Male) |
| 20:29 | Create | Villager (Male) |
| 20:46 | Create | Villager (Male) |
| 20:46 | Create | Villager (Male) |
| 20:46 | Create | Villager (Male) |
| 20:52 | Build | Farm |
| 20:55 | Build | Farm |
| 21:02 | Build | Farm |
| 21:05 | Create | Villager (Male) |
| 21:05 | Create | Villager (Male) |
| 21:05 | Create | Villager (Male) |
| 21:11 | Build | Farm |
| 21:13 | Build | Farm |
| 21:19 | Build | Mill |
Build order — aunclelikegod02
First 150 of 613 actions detected
| 0:02 | Create | Villager (Male) |
| 0:03 | Create | Villager (Male) |
| 0:04 | Build | House |
| 0:06 | Build | House |
| 0:11 | Create | Villager (Male) |
| 0:12 | Create | Villager (Male) |
| 0:12 | Create | Villager (Male) |
| 1:33 | Create | Villager (Male) |
| 1:33 | Create | Villager (Male) |
| 2:01 | Create | Villager (Male) |
| 2:18 | Build | Lumber Camp |
| 2:25 | Create | Villager (Male) |
| 2:25 | Create | Villager (Male) |
| 2:45 | Create | Villager (Male) |
| 2:45 | Create | Villager (Male) |
| 2:45 | Create | Villager (Male) |
| 3:02 | Build | House |
| 3:32 | Create | Villager (Male) |
| 3:33 | Create | Villager (Male) |
| 3:33 | Create | Villager (Male) |
| 4:17 | Create | Villager (Male) |
| 4:18 | Create | Villager (Male) |
| 4:18 | Create | Villager (Male) |
| 5:24 | Create | Villager (Male) |
| 5:25 | Create | Villager (Male) |
| 5:31 | Build | Mill |
| 5:33 | Create | Villager (Male) |
| 5:34 | Create | Villager (Male) |
| 5:34 | Create | Villager (Male) |
| 5:34 | Create | Villager (Male) |
| 6:03 | Build | House |
| 6:06 | Create | Villager (Male) |
| 6:40 | Build | Barracks |
| 7:33 | Research | Feudal Age |
| 7:38 | Build | Mining Camp |
| 7:46 | Create | Militia |
| 7:46 | Create | Militia |
| 8:15 | Create | Militia |
| 8:15 | Create | Militia |
| 8:15 | Create | Militia |
| 8:16 | Create | Militia |
| 8:26 | Build | House |
| 8:42 | Create | Militia |
| 8:43 | Create | Militia |
| 8:43 | Create | Militia |
| 9:43 | Age | Feudal Age |
| 9:49 | Build | Watch Tower |
| 9:51 | Research | Man-at-Arms (upgrade) |
| 9:51 | Research | Man-at-Arms (upgrade) |
| 9:51 | Create | Villager (Male) |
| 9:52 | Create | Villager (Male) |
| 10:12 | Research | Double-Bit Axe |
| 10:12 | Research | Double-Bit Axe |
| 10:13 | Create | Villager (Male) |
| 10:14 | Create | Villager (Male) |
| 10:33 | Create | Villager (Male) |
| 10:33 | Create | Villager (Male) |
| 10:36 | Build | House |
| 10:36 | Build | House |
| 10:37 | Build | House |
| 11:02 | Build | Mining Camp |
| 11:23 | Create | Villager (Male) |
| 11:23 | Create | Villager (Male) |
| 11:23 | Create | Villager (Male) |
| 11:29 | Build | Lumber Camp |
| 11:55 | Create | Villager (Male) |
| 11:55 | Create | Villager (Male) |
| 12:00 | Research | Loom |
| 12:00 | Research | Loom |
| 12:22 | Build | Watch Tower |
| 12:26 | Build | Palisade Wall |
| 12:27 | Build | Palisade Wall |
| 12:28 | Build | Palisade Wall |
| 12:29 | Build | Palisade Wall |
| 12:48 | Create | Villager (Male) |
| 12:48 | Create | Villager (Male) |
| 12:49 | Create | Villager (Male) |
| 12:51 | Build | Mill |
| 14:31 | Create | Villager (Male) |
| 14:31 | Create | Villager (Male) |
| 14:42 | Build | Dock |
| 15:00 | Build | Stone Wall |
| 15:27 | Build | Watch Tower |
| 15:31 | Create | Villager (Male) |
| 15:35 | Create | Demolition Raft |
| 15:35 | Create | Demolition Raft |
| 15:36 | Create | Fishing Ship |
| 15:36 | Create | Fishing Ship |
| 15:42 | Create | Fishing Ship |
| 15:50 | Build | Dock |
| 16:13 | Create | Villager (Male) |
| 16:13 | Create | Villager (Male) |
| 16:21 | Create | Fishing Ship |
| 16:48 | Create | Militia |
| 16:48 | Create | Militia |
| 16:48 | Create | Militia |
| 17:20 | Create | Fishing Ship |
| 17:20 | Create | Fishing Ship |
| 17:20 | Create | Fishing Ship |
| 17:21 | Create | Fishing Ship |
| 17:25 | Build | Lumber Camp |
| 17:55 | Build | Stone Wall |
| 17:58 | Build | Gate |
| 17:59 | Create | Villager (Male) |
| 18:02 | Build | House |
| 18:04 | Build | House |
| 18:13 | Research | Horse Collar |
| 18:13 | Research | Horse Collar |
| 18:42 | Create | Villager (Male) |
| 18:43 | Create | Villager (Male) |
| 18:46 | Build | House |
| 19:24 | Build | Lumber Camp |
| 19:30 | Create | Villager (Male) |
| 19:30 | Create | Villager (Male) |
| 19:31 | Create | Villager (Male) |
| 19:34 | Build | Mining Camp |
| 19:41 | Create | Fishing Ship |
| 19:41 | Create | Fishing Ship |
| 19:41 | Create | Fishing Ship |
| 19:42 | Create | Fishing Ship |
| 19:42 | Create | Fishing Ship |
| 19:42 | Create | Fishing Ship |
| 20:09 | Create | Militia |
| 20:10 | Create | Militia |
| 20:12 | Build | Farm |
| 20:14 | Build | Farm |
| 20:16 | Build | Farm |
| 20:16 | Build | Farm |
| 20:17 | Create | Villager (Male) |
| 20:17 | Create | Villager (Male) |
| 20:20 | Build | Farm |
| 20:22 | Build | Farm |
| 20:39 | Build | House |
| 20:41 | Build | House |
| 20:59 | Build | Archery Range |
| 21:00 | Build | Archery Range |
| 21:07 | Build | Fish Trap |
| 21:11 | Build | Fish Trap |
| 21:16 | Build | Fish Trap |
| 21:21 | Build | Fish Trap |
| 21:26 | Build | Fish Trap |
| 21:30 | Build | Fish Trap |
| 21:33 | Create | Skirmisher |
| 21:33 | Create | Skirmisher |
| 21:41 | Build | House |
| 21:42 | Create | Villager (Male) |
| 21:42 | Create | Villager (Male) |
| 21:51 | Build | Blacksmith |
| 21:54 | Create | Skirmisher |
| 21:54 | Create | Skirmisher |
Match timeline
| 0:46 | DuhuluDubrisi · wall_segment Palisade Wall x4 |
| 0:48 | DuhuluDubrisi · wall_segment Palisade Wall x1 |
| 1:09 | KusBilge · wall_segment Palisade Wall x9 |
| 1:17 | KusBilge · wall_segment Palisade Wall x1 |
| 1:19 | Malekith · wall_segment Palisade Wall x6 |
| 1:25 | DuhuluDubrisi · wall_segment Palisade Wall x2 |
| 1:56 | KusBilge · wall_segment Palisade Wall x9 |
| 1:58 | DuhuluDubrisi · wall_segment Palisade Wall x5 |
| 3:38 | KusBilge · wall_segment Palisade Wall x8 |
| 4:37 | TheosNub · first_building Dock |
| 5:03 | Malekith · wall_segment Palisade Wall x9 |
| 5:21 | WraTH_27 · first_building Dock |
| 6:05 | Malekith · first_building Dock |
| 6:40 | aunclelikegod02 · first_building Barracks |
| 8:11 | KusBilge · first_building Barracks |
| 9:09 | aaaaaaa · age_up feudal |
| 9:16 | Vatatzes · first_building Barracks |
| 9:32 | KusBilge · first_building Dock |
| 9:43 | aunclelikegod02 · age_up feudal |
| 9:47 | aaaaaaa · first_building Siege Workshop |
| 10:18 | KusBilge · wall_segment Palisade Wall x3 |
| 10:21 | KusBilge · wall_segment Palisade Wall x5 |
| 11:21 | WraTH_27 · age_up feudal |
| 11:24 | DuhuluDubrisi · age_up feudal |
| 11:31 | Malekith · age_up feudal |
| 11:48 | Vatatzes · age_up feudal |
| 11:53 | Vatatzes · first_building Stable |
| 11:55 | KusBilge · wall_segment Palisade Wall x5 |
| 11:56 | KusBilge · age_up feudal |
| 11:59 | KusBilge · first_building Archery Range |
| 12:14 | TheosNub · age_up feudal |
| 12:26 | aunclelikegod02 · wall_segment Palisade Wall x3 |
| 12:27 | aunclelikegod02 · wall_segment Palisade Wall x3 |
| 12:28 | aunclelikegod02 · wall_segment Palisade Wall x3 |
| 12:29 | aunclelikegod02 · wall_segment Palisade Wall x2 |
| 12:50 | Malekith · wall_segment Stone Wall x2 |
| 12:54 | Malekith · wall_segment Stone Wall x10 |
| 13:17 | KusBilge · wall_segment Palisade Wall x1 |
| 13:17 | KusBilge · wall_segment Palisade Wall x1 |
| 13:20 | KusBilge · wall_segment Palisade Wall x1 |
| 13:32 | TheosNub · first_market_buy 100 food |
| 13:34 | TheosNub · first_market_sell 100 wood |
| 13:58 | aaaaaaa · first_building Dock |
| 14:10 | DuhuluDubrisi · first_market_buy 100 food |
| 14:42 | aunclelikegod02 · first_building Dock |
| 15:00 | aunclelikegod02 · wall_segment Stone Wall x9 |
| 15:01 | Vatatzes · wall_segment Palisade Wall x4 |
| 15:11 | WraTH_27 · age_up castle |
| 15:12 | WraTH_27 · first_market_buy 100 wood |
| 15:15 | Malekith · age_up castle |
| 15:25 | Malekith · first_market_buy 100 wood |
| 15:43 | Vatatzes · age_up castle |
| 16:14 | TheosNub · age_up castle |
| 16:21 | Vatatzes · first_market_buy 100 food |
| 16:41 | DuhuluDubrisi · wall_segment Stone Wall x8 |
| 17:07 | aaaaaaa · wall_segment Palisade Wall x1 |
| 17:09 | DuhuluDubrisi · age_up castle |
| 17:55 | aunclelikegod02 · wall_segment Stone Wall x12 |
| 18:41 | TheosNub · first_building Monastery |
| 19:00 | DuhuluDubrisi · wall_segment Stone Wall x9 |
| 19:22 | Vatatzes · first_market_sell 100 wood |
| 19:57 | Malekith · first_building Monastery |
| 20:43 | WraTH_27 · first_building Monastery |
| 20:59 | aunclelikegod02 · first_building Archery Range |
| 23:54 | KusBilge · wall_segment Stone Wall x10 |
| 23:58 | TheosNub · first_building Siege Workshop |
| 24:23 | KusBilge · wall_segment Stone Wall x11 |
| 24:38 | DuhuluDubrisi · first_building Barracks |
| 24:55 | aunclelikegod02 · wall_segment Stone Wall x1 |
| 25:47 | Malekith · first_building Castle |
| 25:55 | Malekith · first_building Siege Workshop |
| 26:12 | DuhuluDubrisi · first_building Monastery |
| 26:24 | TheosNub · first_building Castle |
| 26:29 | KusBilge · wall_segment Stone Wall x1 |
| 26:47 | WraTH_27 · first_building Barracks |
| 27:11 | Malekith · first_building Barracks |
| 27:39 | Malekith · first_building Stable |
| 27:54 | aunclelikegod02 · age_up castle |
| 28:02 | WraTH_27 · first_building Archery Range |
| 28:12 | aunclelikegod02 · first_building Monastery |
| 28:20 | TheosNub · age_up imperial |
| 29:13 | KusBilge · wall_segment Stone Wall x10 |
| 29:15 | KusBilge · wall_segment Stone Wall x2 |
| 29:17 | WraTH_27 · first_building Stable |
| 29:27 | KusBilge · wall_segment Stone Wall x3 |
| 29:37 | Malekith · age_up imperial |
| 29:51 | WraTH_27 · age_up imperial |
| 29:58 | aaaaaaa · age_up castle |
| 30:11 | aaaaaaa · first_building Monastery |
| 30:28 | WraTH_27 · first_building Castle |
| 30:29 | aaaaaaa · first_building Castle |
| 30:41 | DuhuluDubrisi · age_up imperial |
| 30:49 | DuhuluDubrisi · first_market_sell 100 food |
| 31:08 | Vatatzes · first_building Monastery |
| 31:15 | KusBilge · wall_segment Stone Wall x1 |
| 31:19 | KusBilge · age_up castle |
| 31:44 | KusBilge · first_building Castle |
| 32:05 | aaaaaaa · first_building Barracks |
| 32:18 | KusBilge · first_market_sell 100 food |
| 33:28 | KusBilge · first_building Siege Workshop |
| 33:54 | aaaaaaa · first_market_sell 100 food |
| 33:55 | aaaaaaa · first_market_buy 100 stone |
| 34:09 | WraTH_27 · first_market_sell 500 wood |
| 34:15 | Vatatzes · wall_segment Stone Wall x8 |
| 34:25 | aaaaaaa · age_up imperial |
| 34:28 | Vatatzes · wall_segment Stone Wall x5 |
| 34:28 | DuhuluDubrisi · first_building Castle |
| 35:03 | aunclelikegod02 · first_building Castle |
| 35:11 | aunclelikegod02 · age_up imperial |
| 35:20 | aaaaaaa · first_building Stable |
| 35:28 | KusBilge · first_market_buy 100 wood |
| 35:33 | Vatatzes · age_up imperial |
| 35:44 | KusBilge · age_up imperial |
| 36:21 | Vatatzes · wall_segment Stone Wall x5 |
| 36:23 | aaaaaaa · first_building Archery Range |
| 36:23 | Vatatzes · wall_segment Stone Wall x3 |
| 36:27 | Vatatzes · wall_segment Stone Wall x6 |
| 36:28 | Vatatzes · wall_segment Stone Wall x5 |
| 36:36 | KusBilge · wall_segment Stone Wall x19 |
| 37:04 | Vatatzes · first_building Siege Workshop |
| 37:28 | Vatatzes · wall_segment Stone Wall x1 |
| 37:52 | aunclelikegod02 · first_building Stable |
| 38:55 | DuhuluDubrisi · first_building Stable |
| 39:35 | WraTH_27 · tribute_sent a jugador 1 |
| 39:35 | WraTH_27 · tribute_sent a jugador 2 |
| 39:35 | WraTH_27 · tribute_sent a jugador 3 |
| 39:35 | WraTH_27 · tribute_sent a jugador 5 |
| 39:35 | WraTH_27 · tribute_sent a jugador 6 |
| 39:35 | WraTH_27 · tribute_sent a jugador 7 |
| 39:35 | WraTH_27 · tribute_sent a jugador 8 |
| 39:41 | WraTH_27 · tribute_sent a jugador 1 |
| 39:41 | WraTH_27 · tribute_sent a jugador 2 |
| 39:41 | WraTH_27 · tribute_sent a jugador 3 |
| 39:41 | WraTH_27 · tribute_sent a jugador 5 |
| 39:41 | WraTH_27 · tribute_sent a jugador 6 |
| 39:41 | WraTH_27 · tribute_sent a jugador 7 |
| 39:41 | WraTH_27 · tribute_sent a jugador 8 |
| 40:47 | Malekith · first_building Archery Range |
| 40:57 | Vatatzes · first_building Castle |
| 41:34 | DuhuluDubrisi · tribute_sent a jugador 1 |
| 41:34 | DuhuluDubrisi · tribute_sent a jugador 2 |
| 41:34 | DuhuluDubrisi · tribute_sent a jugador 3 |
| 41:34 | DuhuluDubrisi · tribute_sent a jugador 4 |
| 41:34 | DuhuluDubrisi · tribute_sent a jugador 5 |
| 41:34 | DuhuluDubrisi · tribute_sent a jugador 6 |
| 41:34 | DuhuluDubrisi · tribute_sent a jugador 8 |
| 43:48 | TheosNub · first_building Barracks |
| 46:14 | TheosNub · first_building Stable |
| 46:56 | TheosNub · first_building Archery Range |
| 47:16 | KusBilge · wall_segment Stone Wall x1 |
| 49:33 | Malekith · first_market_sell 100 wood |
| 49:45 | Malekith · resign |
| 50:15 | aunclelikegod02 · tribute_sent a jugador 1 |
| 50:15 | aunclelikegod02 · tribute_sent a jugador 2 |
| 50:15 | aunclelikegod02 · tribute_sent a jugador 3 |
| 50:15 | aunclelikegod02 · tribute_sent a jugador 4 |
| 50:15 | aunclelikegod02 · tribute_sent a jugador 5 |
| 50:15 | aunclelikegod02 · tribute_sent a jugador 6 |
| 50:15 | aunclelikegod02 · tribute_sent a jugador 7 |
[ AI ANALYSIS · 1 CREDIT ]
What really happened in this match?
Wolo.gg analyzes every decision: build order, eco, micro, common mistakes by bracket. Personalized analysis on WhatsApp or Discord in 30 seconds.
Civ guide
Turks
Perfil
Jugador #244478